 Dungeon Sprint DCSS version 0.27-a0-1256-gced786f65e (webtiles) character file.

Game seed: 8475876573942576901

338 mhtbhm the Grappler (level 6, 0/62 HPs)
             Began as a Ghoul Monk on June 11, 2021.
             Was an Elder of Makhleb.
             Killed by divine providence
             ... invoked by an orc priest
              (16 damage)
             ... in the Dungeon (Sprint VII: "The Pits").
             The game lasted 00:00:38 (364 turns).

mhtbhm the Grappler (Ghoul Monk)                     Turns: 364, Time: 00:00:39

Health: 0/62       AC:  2    Str: 17    XL:     6   Next: 55%
Magic:  5/5        EV: 14    Int:  5    God:    Makhleb [****..]
Gold:   0          SH:  0    Dex: 11    Spells: 5/5 levels left

rFire    . . .     SeeInvis .     - Unarmed
rCold    + . .     Faith    .   (no shield)
rNeg     + + +     Spirit   .   a - +0 robe
rPois    ∞         Reflect  .   (no helmet)
rElec    .         Harm     .   (no cloak)
rCorr    .         Rampage  .   (no gloves)
Will     .....     NoTele   +   (no boots)
Stlth    ++........             (no amulet)
HPRegen  0.00/turn              (no ring)
MPRegen  0.09/turn              (no ring)

@: no status effects
A: claws 1, cold resistance 1, negative energy resistance 3, inhibited
regeneration, torment resistance 2
a: Renounce Religion, Minor Destruction, Lesser Servant of Makhleb, Major
Destruction


You were in the Dungeon.
You worshipped Makhleb.
Makhleb was greatly pleased with you.
You visited 1 branch

Inventory:

Armour
 a - a +0 robe (worn)
Scrolls
 f - a scroll of blinking
 h - 5 scrolls of amnesia
 i - a scroll of summoning
Potions
 b - a potion of curing
 c - a potion of heal wounds
 d - a potion of haste
 e - 4 potions of magic
 g - 2 potions of invisibility


   Skills:
 + Level 8.6 Fighting
 + Level 7.3 Dodging
 + Level 4.0 Stealth
 + Level 9.4 Unarmed Combat


You had 5 spell levels left.
You didn't know any spells.
Your spell library was empty.

Dungeon Overview and Level Annotations

Branches:
Dungeon (1/1)

Altars:
Ashenzari
Cheibriados
Dithmenos
Elyvilon
Fedhas
Gozag
Hepliaklqana
Kikubaaqudgha
Makhleb
Nemelex Xobeh
Okawaru
Qazlal
Ru
Sif Muna
Trog
Uskayaw
Vehumet
Wu Jian
Xom
Yredelemnul
Zin
The Shining One
Beogh
Jiyva
Lugonu


Innate Abilities, Weirdness & Mutations

You thrive by killing the living.
You are immune to poison.
You have sharp fingernails.
Your flesh is cold resistant. (rC+)
You are immune to negative energy. (rN+++)
You do not regenerate when monsters are visible.
You are immune to unholy pain and torment.


Message History

Unknown command.
You barely miss the orc. You claw the orc, but do no damage.
The orc priest calls down the wrath of Beogh upon you.
Beogh smites you!
You scratch the floating eye.
The floating eye is lightly wounded.
The orc hits you with a +0 dagger.
You scratch the floating eye.
The floating eye is heavily wounded.
The orc barely misses you.
You claw the floating eye!
You kill the floating eye!
Makhleb accepts your kill.
You feel better.
Your Fighting skill increases to level 8!
Your Dodging skill increases to level 7!
Your Unarmed Combat skill increases to level 9!
You have reached level 6!
Your experience leads to an increase in your attributes!
Increase (S)trength, (I)ntelligence, or (D)exterity?
You feel stronger.
Unknown command.
You claw the orc priest!
You kill the orc priest!
Makhleb accepts your kill.
You can now hurl Makhleb's greater destruction.
You feel better. The orc hits you with a +0 dagger.
Your Stealth skill increases to level 4!
The orc hits you with a +0 dagger.
The orc priest hits you with a +0 short sword.
There is an open door here.
Things that are here:
a +0 war axe; an orc corpse The orc priest invokes the aid of Beogh against you.
Beogh smites you! The orc hits you with a +0 dagger.
* * * LOW HITPOINT WARNING * * *
The orc priest calls down the wrath of Beogh upon you.
Beogh smites you!
You die...

#...........'..........
#+#####'#####......#..#
#.....# #..........
#.....# ####'#####+
###'### #.......#
#†....# #.......#
#.....# #.......#
####o##+###...<...#
#..o@....##.......#
#........##.......#
###########.......#
#########


You could see an orc priest and an orc.

Vanquished Creatures
  3 floating eyes (D)
  An orc priest (D)
  2 ufetubi (D)
  A giant cockroach (D)
  A jackal skeleton (D)
  A rat (D)
9 creatures vanquished.

Notes
Turn   | Place    | Note
-------+----------+-------------------------------------------
     0 | D        | mhtbhm the Ghoul Monk began the quest for the Orb.
     0 | D        | Reached XP level 1. HP: 19/19 MP: 0/0
     8 | D        | Noticed a floating eye
    13 | D        | Killed a floating eye
    14 | D        | Reached skill level 5 in Dodging
    14 | D        | Reached skill level 6 in Unarmed Combat
    14 | D        | Reached XP level 2. HP: 30/30 MP: 1/1
    14 | D        | Reached XP level 3. HP: 37/37 MP: 2/2
    14 | D        | Reached XP level 4. HP: 44/44 MP: 3/3
    18 | D        | Found a bloodstained altar of Trog.
    18 | D        | Found a shimmering blue altar of Sif Muna.
    18 | D        | Found a viscous altar of Jiyva.
    18 | D        | Found a hazy altar of Hepliaklqana.
    18 | D        | Found an opulent altar of Gozag.
    19 | D        | Found a basalt altar of Yredelemnul.
    19 | D        | Found a shimmering altar of Xom.
    19 | D        | Found an ornate altar of the Wu Jian Council.
    19 | D        | Found a sacrificial altar of Ru.
    19 | D        | Found a stormy altar of Qazlal.
    19 | D        | Found an iron altar of Okawaru.
    19 | D        | Found a sparkling altar of Nemelex Xobeh.
    19 | D        | Found a burning altar of Makhleb.
    19 | D        | Found a blossoming altar of Fedhas.
    19 | D        | Found a shadowy altar of Dithmenos.
    19 | D        | Found a snail-covered altar of Cheibriados.
    21 | D        | Found a radiant altar of Vehumet.
    21 | D        | Found a corrupted altar of Lugonu.
    22 | D        | Found a hide-covered altar of Uskayaw.
    22 | D        | Found an ancient bone altar of Kikubaaqudgha.
    22 | D        | Found a broken altar of Ashenzari.
    29 | D        | Became a worshipper of Makhleb the Destroyer
    29 | D        | Reached * piety under Makhleb
    29 | D        | Reached ** piety under Makhleb
   225 | D        | Noticed a floating eye
   228 | D        | Paralysed by a floating eye for 3 turns
   234 | D        | Killed a floating eye
   235 | D        | Reached skill level 8 in Unarmed Combat
   235 | D        | Reached XP level 5. HP: 53/53 MP: 4/4
   338 | D        | Reached *** piety under Makhleb
   343 | D        | Noticed a floating eye
   354 | D        | Paralysed by a floating eye for 2 turns
   360 | D        | Killed a floating eye
   361 | D        | Reached skill level 9 in Unarmed Combat
   361 | D        | Reached XP level 6. HP: 35/62 MP: 5/5
   361 | D        | Reached **** piety under Makhleb
   364 | D        | Killed from afar by an orc priest

Illustrated notes

Levels and vault maps discovered:
D:        pitsprint [storerooms_1, entrance_room_1, metal_vault_2, armoury_2,
          mini_pit_1, grid_room_1, main_hall_1, silver_pit, the_coven_1,
          the_vestibule_1, steel_vault_4, golden_pit, hallway_of_sentries,
          crystal_vault_1, iron_vault_2, final_vault]

Skill      XL: |  1  2  3  4  5  6 |
---------------+-------------------+-----
Fighting       | 6 7 8 |  8.6
Dodging        | 5 6 7 |  7.3
Stealth        | 3 4 |  4.0
Unarmed Combat | 6 8 9 |  9.4

Action                   |  1- 3 |  4- 6 || total
-------------------------+-------+-------++-------
Melee: Unarmed           |     4 |    22 ||    26
       Punch             |       |     2 ||     2
 Stab: Sleeping          |       |     1 ||     1
Armor: Robe              |       |     3 ||     3
Dodge: Dodged            |       |    14 ||    14

Table legend: (Time is in decaauts)
 A = Elapsed time spent in this place.
 B = Non-inter-level travel time spent in this place.
 C = Inter-level travel time spent in this place.
 D = Time resting spent in this place.
 E = Time spent auto-exploring this place.
 F = Levels seen in this place.
 G = Mean time per level.
                   A        B        C        D        E       F      G
               +--------+--------+--------+--------+--------+-----+--------+
         Total |    360 |    360 |      0 |    247 |      0 |   1 |  360.0 |
       Dungeon |    360 |    360 |      0 |    247 |      0 |   1 |  360.0 |
               +--------+--------+--------+--------+--------+-----+--------+

Top non-repeatable levels by time:
       D: 360 daAuts
